 Dungeon Crawl Stone Soup version 0.28.0-1-gb440e238dd (webtiles) character file.

Game seed: 2766529101392407143

697 jfcaron the Skirmisher (level 7, 0/56 HPs)
             Began as a Demonspawn Monk on Feb 24, 2022.
             Slain by an orc warrior (11 damage)
             ... on level 5 of the Dungeon.
             The game lasted 00:11:23 (6526 turns).

jfcaron the Skirmisher (Demonspawn Monk)            Turns: 6526, Time: 00:11:23

Health: 0/56       AC:  9    Str: 11 (13) XL:     7   Next: 37%
Magic:  0/7        EV:  6    Int: 11 (12) God:
Gold:   292        SH:  0    Dex: 15      Spells: 6/6 levels left

rFire   . . .      SeeInvis .   a - +0 hand axe
rCold   . . .      Faith    .   (no shield)
rNeg    . . .      Spirit   +   c - +0 chain mail
rPois   .          Reflect  .   (helmet restricted)
rElec   .          Harm     .   (no cloak)
rCorr   +          Rampage  .   (no gloves)
Will    .....                   (boots unavailable)
Stlth   ..........              o - amulet of guardian spirit
HPRegen 0.18/turn               e - ring of resist corrosion
MPRegen 0.10/turn               (no ring)

@: no status effects
A: antennae 2, hooves 3, spiny 1
a: no special abilities


You were on level 5 of the Dungeon.
You visited 1 branch of the dungeon, and saw 6 of its levels.

You collected 292 gold pieces.

Inventory:

Hand Weapons
 a - a +0 hand axe (weapon)
 t - a +2 dagger of venom
 x - a +2 short sword of speed
Missiles
 f - 76 stones
 g - 23 sling bullets
 k - 3 boomerangs
 s - 33 bolts
 C - 49 arrows
 D - 4 atropa-tipped darts (quivered) {!f}
Armour
 b - a +0 robe
 c - a +0 chain mail (worn)
 d - the +18 Lear's hauberk
   (You took it off Edmund on level 5 of the Dungeon)
 j - a +0 tower shield
Magical Staves
 v - a staff of cold
Jewellery
 e - a ring of resist corrosion (left hand)
 o - an amulet of guardian spirit (around neck)
Scrolls
 h - 2 scrolls of teleportation {unknown}
 i - a scroll of blinking
 p - a scroll of identify
Potions
 m - 4 potions of heal wounds
 A - a potion of flight {unknown}
 B - a potion of curing {unknown}


   Skills:
 + Level 5.5 Fighting
 + Level 5.0 Axes
 + Level 4.0 Armour
 - Level 2.6 Dodging
 - Level 1.7 Stealth


You had 6 spell levels left.
You didn't know any spells.
Your spell library was empty.

Dungeon Overview and Level Annotations

Branches:
Dungeon (6/15)
 Temple: D:4-7

Altars:
Fedhas
Kikubaaqudgha
Okawaru
Ru
Uskayaw
Vehumet
Xom
Yredelemnul

Annotations:
D:4 come back with digging


Innate Abilities, Weirdness & Mutations

You have a pair of antennae on your head.
You have hooves in place of feet.
You are partially covered in sharp spines.


Message History

The orc warrior shouts!
Really fire
D - 6 atropa-tipped darts {!f}?
You throw an atropa-tipped dart {!f}.
The atropa-tipped dart {!f} hits the orc warrior.
The orc warrior appears confused.
The orc warrior seems less confused.
The orc warrior is no longer blind.
The orc warrior is struck by your spines.
The orc warrior hits you with a +0 battleaxe!
You hit the orc warrior but do no damage.
The orc warrior is moderately wounded.
The orc warrior is struck by your spines.
The orc warrior hits you with a +0 battleaxe!
You hit the orc warrior but do no damage.
The orc warrior is moderately wounded.
The orc warrior hits you with a +0 battleaxe!
Throw: 5 darts (atropa) {!f}
Press: ? - help, Q - select action, (/) - cycle Shift-Dir - straight line, f/p - orc warrior
Aim: an orc warrior, wielding a +0 battleaxe and wearing a +0 plate armour (moderately wounded, 60% to hit, chance to blind on hit: 61%)
You throw an atropa-tipped dart {!f}.
The atropa-tipped dart {!f} hits the orc warrior.
The orc warrior appears confused.
The orc warrior is moderately wounded.
The orc warrior hits you with a +0 battleaxe!
* * * LOW HITPOINT WARNING * * *
You hit the orc warrior but do no damage.
Your kick misses the orc warrior.
The orc warrior is moderately wounded.
The orc warrior seems less confused.
The orc warrior hits you but does no damage.
You hit the orc warrior.
You kick the orc warrior, but do no damage.
The orc warrior is heavily wounded.
The orc warrior hits you with a +0 battleaxe.
* * * LOW HITPOINT WARNING * * *
You closely miss the orc warrior. Your kick misses the orc warrior.
The orc warrior is heavily wounded.
The orc warrior is struck by your spines.
The orc warrior hits you with a +0 battleaxe!
You die...

...[..,.....##***#.....##.##.....
.$.#.........##.#....###..#_.....
..###.............##.###..##.....
.#####.........#.**#.##...##8...8
.###.##.......##** #......#*,,,,,
.#.............# ##......#8.....
...............####.....####.....
...............(#.......# *8...8
#.####..........@......## *##>##
...!.#..........o......##########
.....#...........)....###........
.....#................####.#.....
._...^......#...........##.......
!....#..##.......................
.....#..##....###..#...##..######
.....#.###....#*##.....###.#≈≈≈≈≈
#^##*#.# ##....#....#.## #.#≈,,,,


You could see an orc warrior (blind).

Vanquished Creatures
  Edmund (D:5)
  An ogre (D:5)
  A phantom (D:4)
  A bullfrog (D:4)
  A hound (D:4)
  An orc priest (D:3)
  An orc wizard (D:3)
  A hound zombie (D:5)
  6 adders
  11 gnolls
  2 ufetubi (D:5)
  3 worms
  2 dart slugs
  12 orcs
  2 bat zombies (D:3)
  2 endoplasms (D:1)
  3 giant cockroaches
  5 hobgoblins
  A quokka (D:4)
  3 ball pythons
  6 bats
  2 frilled lizards (D:3)
  12 goblins
  3 kobolds
  4 rats
  A rat zombie (D:3)
  8 fungi (D:5)
96 creatures vanquished.

Notes
Turn   | Place    | Note
-------+----------+-------------------------------------------
     0 | D:1      | jfcaron the Demonspawn Monk began the quest for the Orb.
     0 | D:1      | Reached XP level 1. HP: 18/18 MP: 1/1
   181 | D:1      | Discovered your monstrous ancestry.
   181 | D:1      | Gained mutation: You have a pair of small antennae on your
                  | head. [demonic ancestry]
   181 | D:1      | Reached XP level 2. HP: 22/24 MP: 2/2
   416 | D:1      | Reached skill level 1 in Armour
  1222 | D:2      | Gained mutation: You are partially covered in sharp spines.
                  | [demonic ancestry]
  1222 | D:2      | Reached XP level 3. HP: 27/29 MP: 3/3
  1805 | D:2      | HP: 2/29 [gnoll (5)]
  2106 | D:2      | Gained mutation: You have large cloven feet. [demonic
                  | ancestry]
  2106 | D:2      | Reached XP level 4. HP: 37/37 MP: 4/4
  2810 | D:3      | Found a radiant altar of Vehumet.
  2982 | D:3      | Gained mutation: You have a pair of antennae on your head.
                  | [demonic ancestry]
  2982 | D:3      | Reached XP level 5. HP: 23/42 MP: 3/5
  4106 | D:3      | Found an ancient bone altar of Kikubaaqudgha.
  4279 | D:4      | Noticed Duvessa
  4280 | D:4      | Noticed Duvessa
  4280 | D:4      | Duvessa changed into Duvessa the bullfrog
  4280 | D:4      | Noticed Dowan
  4292 | D:4      | Killed Duvessa the bullfrog
  4293 | D:4      | Reached XP level 6. HP: 41/49 MP: 4/6
  4293 | D:4      | Noticed Dowan
  4293 | D:4      | Dowan changed into Dowan the quokka
  4297 | D:4      | Killed Dowan the quokka
  4420 | D:4      | Noticed Blork the orc
  4424 | D:4      | Noticed Blork
  4424 | D:4      | Blork the orc changed into Blork the adder
  4427 | D:4      | Killed Blork the adder
  4441 | D:4      | Found an iron altar of Okawaru.
  4665 | D:4      | HP: 9/50 [gnoll (4)]
  5107 | D:4      | Reached skill level 5 in Fighting
  5387 | D:4      | Found a shimmering altar of Xom.
  5712 | D:5      | Entered Level 5 of the Dungeon
  5874 | D:5      | Found a basalt altar of Yredelemnul.
  5882 | D:5      | Found a hide-covered altar of Uskayaw.
  5899 | D:5      | Found a blossoming altar of Fedhas.
  5920 | D:5      | Noticed Edmund
  5928 | D:5      | Gained mutation: You have hoof-like feet. [potion of
                  | mutation]
  5928 | D:5      | Gained mutation: You have hooves in place of feet. [potion
                  | of mutation]
  5935 | D:5      | Reached XP level 7. HP: 26/56 MP: 3/7
  5941 | D:5      | HP: 11/56 [Edmund (6)]
  5943 | D:5      | Killed Edmund
  5944 | D:5      | Reached skill level 5 in Axes
  6235 | D:5      | Found a sacrificial altar of Ru.
  6525 | D:5      | HP: 11/56 [orc warrior (2)]
  6526 | D:5      | Slain by an orc warrior

Illustrated notes

Levels and vault maps discovered:
D:1:      minmay_arrival_cross, layout_loops_ring,
          minmay_misc_feat_more_columns, amethyst_killhole, nicolae_wormholes
D:2:      cheibrodos_greedy_goblins, layout_basic, minmay_fountain_box,
          bh_walls_and_bars
D:3:      layout_loops_corners, lemuel_zombie_altar_kikubaaqudgha,
          nicolae_overflow_crystal_walls, amcnicky_mini_corridor_feature
D:4:      layout_gridville, general_overflow_altar,
          mainiacjoe_overflow_concentric_impassable,
          chequers_serial_rivers_small_a, chequers_garden, due_unseen_surprise,
          uniq_blork_the_orc, uniq_duvessa
D:5:      layout_cave_pools, lemuel_tele_altar,
          mainiacjoe_overflow_cross_hatched, nicolae_overflow_hidden_temple,
          gammafunk_ghost_mausoleum, kennysheep_generic_room_7, uniq_edmund,
          uniq_eustachio
D:6:      layout_basic, lemuel_crystal_altar, nicolae_specific_store,
          uniq_menkaure

Skill      XL: |  1  2  3  4  5  6  7 |
---------------+----------------------+-----
Armour         | 1 2 3 4 |  4.0
Axes           | 3 4 5 |  5.0
Fighting       | 4 5 |  5.5
Dodging        | |  2.6
Stealth        | |  1.7

Action                   |  1- 3 |  4- 6 |  7- 9 || total
-------------------------+-------+-------+-------++-------
Melee: Hand axe          |    96 |   125 |    23 ||   244
       Punch             |     1 |     3 |       ||     4
       Kick              |       |    36 |     9 ||    45
Throw: Stone             |    44 |    45 |     1 ||    90
       Dart              |     3 |     9 |     5 ||    17
       Boomerang         |       |    62 |     3 ||    65
Evoke: Wand              |       |    10 |       ||    10
  Use: Scroll            |       |     8 |       ||     8
       Potion            |       |     3 |       ||     3
Armor: Chain mail        |    63 |    59 |     5 ||   127
Dodge: Dodged            |    23 |    32 |     8 ||    63
